 Dungeon Crawl Stone Soup version 0.17.0-28-g6e173f8 (webtiles) character file.

714 radek the Digger (level 7, -5/36 HPs)
             Began as a Gargoyle Earth Elementalist on Nov 23, 2015.
             Killed from afar by an orc wizard (13 damage)
             ... with a puff of flame
             ... on level 5 of the Dungeon.
             The game lasted 00:16:02 (4255 turns).

radek the Digger (Gargoyle Earth Elementalist)      Turns: 4255, Time: 00:16:03

Health: -5/36      AC: 14    Str: 11    XL:     7   Next: 69%
Magic:  2/13       EV: 12    Int: 18    God:
Gold:   208        SH:  0    Dex: 10    Spells: 3 memorised, 5 levels left

rFire  . . .     SeeInvis .     f - +0 mace (protect)
rCold  . . .     Clarity  .     a - +0 robe
rNeg   + . .     SustAt   .     (no shield)
rPois  ∞         Gourm    +     (no helmet)
rElec  +         Spirit   .     (no cloak)
rCorr  .         Warding  .     (no gloves)
rMut   .         Stasis   .     (no boots)
MR     .....                    r - amulet of the gourmand
Stlth  ++........               (no ring)
                                j - +3 ring of protection

@: not resistant to hostile enchantments, unstealthy
A: negative energy resistance 1, electricity resistance, unbreathing,
petrification resistance, rot immunity, AC +4
a: no special abilities


You were on level 5 of the Dungeon.
You were full.

You visited 1 branch of the dungeon, and saw 5 of its levels.

You collected 208 gold pieces.

Inventory:

Hand Weapons
 f - a +0 mace of protection (weapon)
Missiles
 b - 143 stones (quivered)
Armour
 a - a +0 robe (worn)
Jewellery
 j - a +3 ring of protection (left hand)
 r - an amulet of the gourmand (around neck)
Scrolls
 e - 8 scrolls of identify {unknown}
 h - 2 scrolls of random uselessness {unknown}
 l - 2 scrolls of amnesia {unknown}
 o - 2 scrolls of remove curse {unknown}
 s - 2 scrolls of fog {unknown}
Potions
 i - a potion of poison {unknown}
 k - a potion of might {unknown}
 m - a potion of haste {unknown}
 n - 2 potions of agility {unknown}
 t - a potion of magic {unknown}
Books
 c - a book of Geomancy

   Spells                             Type                      Level
   a - Sandblast                      Earth                        1
   b - Stoneskin                      Transmutation/Earth          2
   c - Passwall                       Transmutation/Earth          3
   d - Stone Arrow                    Conjuration/Earth            3
   e - Petrify                        Transmutation/Earth          4
   f - Lee's Rapid Deconstruction     Earth                        5
Comestibles
 d - 2 bread rations
 g - a slice of pizza
 p - a meat ration
 q - a beef jerky


   Skills:
 - Level 1.5 Dodging
 - Level 2.1 Stealth
 + Level 4.3 Spellcasting
 + Level 4.5 Conjurations
   Level 0.7 Transmutations
 * Level 7.5 Earth Magic


You had 5 spell levels left.
You knew the following spells:

 Your Spells              Type           Power        Failure   Level  Hunger
a - Sandblast             Erth           ####..       1%          1    None
b - Stone Arrow           Conj/Erth      ####..       3%          3    ###....
c - Lee's Rapid Deconstr  Erth           ####......   21%         5    ######.


Dungeon Overview and Level Annotations

Branches:
Dungeon (5/15)
 Temple: D:4-7

Altars:
Ashenzari
Elyvilon
Kikubaaqudgha
Qazlal
Trog
Xom
Zin


Innate Abilities, Weirdness & Mutations

You are resistant to torment.
Your stone body is resilient (AC +4).
You are immune to poison.
You resist negative energy.
You are resistant to electric shocks.
You can survive without breathing.
You are immune to petrification.
You are immune to rotting.


Message History

Press: ? - help, Shift-Dir - straight line Something hits you but does no damage.
You hear some strange, mumbled words.
A puff of flame appears from out of thin air!
The puff of flame misses you.
An orc wizard appears from thin air!
Reactivating autopickup.
Things that are here:
a flail; a leather armour The orc wizard casts a spell at you.
The puff of flame hits you!
The orc wizard points at you and mumbles some strange words.
The puff of flame hits you!
* * * LOW HITPOINT WARNING * * *
You see here a throwing net.
The orc wizard gestures at you while chanting.
You resist with some effort. The orc wizard casts a spell at you.
The puff of flame hits you!
You die...

####.####..####.####
#.####..####.#
#.##.......[.#
#.##.....#####
#.##.....# ##
#.##.....# #####.
#.##.>...# #.....
#.####.###############
#.#### #.#
#.##....@.......#
#.##() #.#
#.##.##########o#
#.#.## #.# #.##.####
#.# #..## #.#
#.##....#######(####.##
#.#
#.##.###...........#o#
#.# #...##
##.#####.##.#)# #.##
#...# #..####.##..o#
#..# #...##
##............# ##.#
#..#.###.#.####.##...#


You could see an orc wizard.

Vanquished Creatures
  An orc warrior (D:5)
  3 ogres
  An ice beast (D:5)
  An orc priest (D:5)
  Natasha (D:3)
  A hound zombie (D:5)
  7 gnolls
  8 adders
  A shadow imp (D:5)
  2 oozes (D:2)
  2 worms
  4 orcs (D:5)
  3 bats
  A giant cockroach (D:1)
  9 goblins
  4 hobgoblins
  2 quokkas
  A giant newt (D:1)
  2 kobolds
  6 rats
60 creatures vanquished.

Notes
Turn   | Place    | Note
--------------------------------------------------------------
     0 | D:1      | radek the Gargoyle Earth Elementalist began the quest for the Orb.
     0 | D:1      | Reached XP level 1. HP: 10/10 MP: 3/3
   433 | D:1      | Reached XP level 2. HP: 15/15 MP: 5/5
   521 | D:1      | Reached skill level 4 in Earth Magic
   769 | D:2      | Reached XP level 3. HP: 19/19 MP: 0/7
   840 | D:2      | Learned a level 3 spell: Stone Arrow
   963 | D:2      | Reached skill level 1 in Conjurations
  1159 | D:2      | Reached XP level 4. HP: 24/24 MP: 1/8
  1224 | D:2      | Found a stormy altar of Qazlal.
  1227 | D:2      | Found a shattered altar of Ashenzari.
  1227 | D:2      | Found a glowing silver altar of Zin.
  1227 | D:2      | Found an ancient bone altar of Kikubaaqudgha.
  1863 | D:2      | Reached XP level 5. HP: 18/28 MP: 9/9
  1870 | D:2      | Learned a level 5 spell: Lee's Rapid Deconstruction
  2180 | D:2      | Found a shimmering altar of Xom.
  2182 | D:2      | Found a bloodstained altar of Trog.
  2285 | D:3      | Noticed Natasha
  2286 | D:3      | Killed Natasha
  2327 | D:3      | You fall through a shaft for 2 floors!
  2327 | D:5      | Entered Level 5 of the Dungeon
  2339 | D:5      | Reached skill level 5 in Earth Magic
  2436 | D:4      | Noticed an ogre
  2439 | D:4      | Killed an ogre
  2439 | D:4      | Reached XP level 6. HP: 17/32 MP: 1/11
  2774 | D:5      | Found a white marble altar of Elyvilon.
  2883 | D:5      | Noticed an orc warrior
  2930 | D:5      | Reached skill level 6 in Earth Magic
  3194 | D:5      | Reached XP level 7. HP: 18/36 MP: 1/12
  3376 | D:5      | Noticed an ogre
  3387 | D:5      | Killed an ogre
  3501 | D:4      | Reached skill level 7 in Earth Magic
  4216 | D:5      | Killed an orc warrior
  4255 | D:5      | Killed from afar by an orc wizard

Action                   |  1- 3 |  4- 6 |  7- 9 || total
-------------------------+-------+-------+-------++-------
Melee: Unarmed           |    24 |       |       ||    24
       Mace              |    43 |   108 |    23 ||   174
 Cast: Sandblast         |    13 |     5 |     6 ||    24
       Stone Arrow       |     6 |    20 |    22 ||    48
       Lee's Rapid Decon |       |     1 |     3 ||     4
 Stab: Sleeping          |       |     2 |       ||     2
  Eat: Chunk             |     2 |     7 |    12 ||    21
       Pizza             |       |     1 |       ||     1
